 Dungeon Crawl Stone Soup version 0.23.0 (webtiles) character file.

Game seed: 7087937711719037122

368 Laan the Skirmisher (level 6, -3/39 HPs)
             Began as a Gargoyle Fighter on Feb 8, 2019.
             Killed from afar by an orc wizard (9 damage)
             ... with a puff of flame
             ... on level 3 of the Dungeon.
             The game lasted 00:05:04 (2230 turns).

Laan the Skirmisher (Gargoyle Fighter)              Turns: 2230, Time: 00:05:04

Health: -3/39      AC: 11    Str: 21    XL:     6   Next: 69%
Magic:  6/6        EV:  7    Int:  9    God:
Gold:   111        SH:  9    Dex:  9    Spells: 5/5 levels left

rFire    . . .     SeeInvis .   a - +0 war axe
rCold    . . .     Gourm    .   c - +0 shield
rNeg     + . .     Faith    .   b - +0 scale mail
rPois    ∞         Spirit   .   (no helmet)
rElec    +         Reflect  .   (no cloak)
rCorr    .         Harm     .   (no gloves)
MR       .....                  (no boots)
Stlth    ..........             (no amulet)
HPRegen  0.13/turn              j - ring of wizardry
MPRegen  0.10/turn              (no ring)

@: no status effects
A: negative energy resistance 1, electricity resistance, unbreathing,
petrification resistance, rot immunity, AC +4
a: no special abilities


You were on level 3 of the Dungeon.
You were not hungry.

You visited 1 branch of the dungeon, and saw 3 of its levels.

You collected 111 gold pieces.

Inventory:

Hand Weapons
 a - a +0 war axe (weapon)
Armour
 b - a +0 scale mail (worn)
 c - a +0 shield (worn)
Jewellery
 j - a ring of wizardry (left hand)
Scrolls
 e - a scroll of enchant armour {unknown}
 k - 5 scrolls of remove curse {unknown}
 m - a scroll of magic mapping {unknown}
 o - a scroll of fear {unknown}
 q - 3 scrolls of identify {unknown}
Potions
 d - a potion of might
 g - a potion of haste {unknown}
 h - a potion of cancellation {unknown}
 i - 3 potions of curing {unknown}
 l - a potion of brilliance {unknown}
 n - a potion of lignification {unknown}
 r - a potion of heal wounds {unknown}
Comestibles
 f - 4 rations
 p - 6 chunks of flesh


   Skills:
 + Level 4.6 Fighting
 * Level 4.1 Axes
 + Level 4.6 Armour
 + Level 4.5 Shields


You had 5 spell levels left.
You didn't know any spells.
Your spell library contained the following spells:

 Spells                   Type           Power        Failure   Level  Hunger
 Animate Skeleton         Necr           N/A          82%         1    ##.....
 Apportation              Tloc           #.....       82%         1    ##.....
 Confusing Touch          Hex            #.....       82%         1    ##.....
 Summon Small Mammal      Summ           #...         82%         1    ##.....
 Call Imp                 Summ           #.......     91%         2    ###....
 Call Canine Familiar     Summ           #.......     99%         3    ####...
 Summon Guardian Golem    Hex/Summ       #.......     99%         3    ####...
 Summon Ice Beast         Ice/Summ       #.......     100%        4    #####..
 Summon Lightning Spire   Summ/Air       #.......     100%        4    #####..


Dungeon Overview and Level Annotations

Branches:
Dungeon (3/15)

Altars:


Innate Abilities, Weirdness & Mutations

You are resistant to torment.
Your stone body is resilient. (AC +4)
You are immune to poison.
You resist negative energy. (rN+)
You are resistant to electric shocks. (rElec)
You can survive without breathing.
You are immune to petrification.
You are immune to rotting.


Message History

The orc wizard hits you but does no damage.
The orc wizard looks satisfied for a moment.
You closely miss the orc wizard.
The orc wizard is heavily wounded.
You hit the orc wizard but do no damage.
The orc wizard points at you and mumbles some strange words.
The puff of frost hits you.
* * * LOW HITPOINT WARNING * * *
The orc wizard hits you but does no damage. x4
You hit the orc wizard but do no damage.
The orc wizard is heavily wounded.
You barely miss the orc wizard.
The orc wizard hits you but does no damage.
You block the orc wizard's attack. The orc wizard barely misses you.
You closely miss the orc wizard.
The orc wizard is heavily wounded.
You barely miss the orc wizard. You block the orc wizard's attack.
The orc wizard gestures at you while chanting.
The puff of flame hits you!
You die...

################################
...............................#
######################..######.#
###........ #..# #.# ..........#
#..# #.# ..........# #..# #.#
......)o..+ #..# #.#
......o@.(###..# #.#
......))..(....# #.#
....#.##.###...# #.# ...... #.#
#...# #.# # ##########...# #.#
..........######.##
#####...#..........
#...########.## ..#....#######.#


You could see 2 orc wizards.

Vanquished Creatures
  A centaur (D:3)
  An orc priest (D:3)
  Natasha (D:3)
  2 orc wizards (D:3)
  2 gnolls (D:2)
  5 adders
  A worm (D:2)
  A dart slug (D:1)
  6 leopard geckos
  10 orcs (D:3)
  4 giant cockroaches
  12 goblins
  5 hobgoblins
  2 jackals (D:1)
  6 quokkas (D:2)
  4 ball pythons
  6 bats
  4 frilled lizards (D:1)
  11 kobolds
  13 rats
  2 plants (D:2)
99 creatures vanquished.

Notes
Turn   | Place    | Note
-------+----------+-------------------------------------------
     0 | D:1      | Laan the Gargoyle Fighter began the quest for the Orb.
     0 | D:1      | Reached XP level 1. HP: 14/14 MP: 1/1
    34 | D:1      | Reached XP level 2. HP: 15/19 MP: 2/2
   220 | D:1      | Reached XP level 3. HP: 21/23 MP: 3/3
   971 | D:2      | Reached XP level 4. HP: 29/29 MP: 4/4
  1652 | D:2      | Reached XP level 5. HP: 33/33 MP: 5/5
  1791 | D:3      | Noticed a centaur
  1803 | D:3      | Killed a centaur
  1830 | D:3      | Reached XP level 6. HP: 34/39 MP: 6/6
  1865 | D:3      | Noticed Natasha
  1874 | D:3      | Killed Natasha
  2230 | D:3      | Killed from afar by an orc wizard

Skill      XL: |  1  2  3  4  5  6 |
---------------+-------------------+-----
Axes           | 2 3 4 |  4.1
Armour         | 4 |  4.6
Fighting       | 4 |  4.6
Shields        | 4 |  4.5

Action                   |  1- 3 |  4- 6 || total
-------------------------+-------+-------++-------
Melee: War axe           |   143 |   188 ||   331
  Eat: Chunk             |       |     5 ||     5
Armor: Scale mail        |    77 |   121 ||   198
       Skin              |       |     2 ||     2
Dodge: Dodged            |    53 |    76 ||   129
Block: Shield            |    78 |   120 ||   198
